 Dungeon Crawl Stone Soup version 0.24-a0-535-gbb0d440 (webtiles) character file.

Game seed: 9778121362790045750

138 Elitist the Slasher (level 5, 0/42 HPs)
             Began as a Merfolk Gladiator on Aug 9, 2019.
             Succumbed to a scorpion's poison
             ... on level 2 of the Dungeon.
             The game lasted 00:03:42 (1321 turns).

Elitist the Slasher (Merfolk Gladiator)             Turns: 1321, Time: 00:03:43

Health: 0/42       AC:  6    Str: 14    XL:     5   Next: 21%
Magic:  5/5        EV: 13    Int:  8    God:
Gold:   60         SH:  0    Dex: 16    Spells: 4/4 levels left

rFire    . . .     SeeInvis .   a - +0 long sword
rCold    . . .     Gourm    .   (no shield)
rNeg     . . .     Faith    .   s - +0 ring mail
rPois    .         Spirit   .   c - +0 helmet
rElec    .         Reflect  .   (no cloak)
rCorr    .         Harm     .   (no gloves)
MR       .....                  (no boots)
Stlth    +.........             (no amulet)
HPRegen  0.14/turn              (no ring)
MPRegen  0.09/turn              (no ring)

@: lethally poisoned (0 -> -8)
A: change form in water, swift swim, stealthy swim
a: no special abilities


You were on level 2 of the Dungeon.
You were not hungry.

You visited 1 branch of the dungeon, and saw 2 of its levels.

You collected 60 gold pieces.

Inventory:

Hand Weapons
 a - a +0 long sword (weapon)
Missiles
 m - 12 sling bullets
 n - 23 stones (quivered)
 p - 4 poisoned darts
Armour
 b - a +0 leather armour
 c - a +0 helmet (worn)
 s - a +0 ring mail (worn)
Jewellery
 l - an uncursed ring of positive energy {unknown}
Scrolls
 e - a scroll of identify {unknown}
 g - 2 scrolls of teleportation {unknown}
 i - a scroll of immolation {unknown}
 j - a scroll of random uselessness {unknown}
 k - a scroll of fog {unknown}
 o - a scroll of fear {unknown}
 r - 2 scrolls of amnesia {unknown}
 v - a scroll of magic mapping {unknown}
 w - a scroll of remove curse {unknown}
Potions
 u - a potion of resistance
Comestibles
 f - 2 rations
 q - 6 chunks of flesh


   Skills:
 * Level 4.2 Fighting
 * Level 5.0 Long Blades
 - Level 2.0 Throwing
 - Level 4.1 Dodging


You had 4 spell levels left.
You didn't know any spells.
Your spell library was empty.

Dungeon Overview and Level Annotations

Branches:
Dungeon (2/15)

Altars:
Cheibriados


Message History

It was a potion of brilliance.
You feel clever all of a sudden.
* * * LOW HITPOINT WARNING * * *
You feel sick.
It was a potion of cancellation.
Your magical effects are unravelling.
You feel magically purged.
You feel a little less clever now.
Your resistance to elements expires.
* * * LOW HITPOINT WARNING * * *
You feel sick.
You aren't carrying any items that you can evoke.
Okay, then.
Okay, then.
Okay, then.
You aren't carrying any items that you can evoke.
You are lethally poisoned (2 -> -7).
Your movement speed is average.
Your attack speed is below average.
* * * LOW HITPOINT WARNING * * *
You feel sick.
You die...

####### ......# #####.# #.#
########## #.######## #?.......#
#........# #@.......#
#........###........#
#..................(#
#........####################
###........#..### ##........
###...............# #...≈≈≈###
#.#...............# #..≈≈≈≈≈##
..........##÷.....# #..≈≈.≈≈_#
...##.######......#######.≈≈≈≈≈##


There were no monsters in sight!

Vanquished Creatures
  A scorpion (D:2)
  Jessica (D:2)
  3 adders (D:2)
  2 dart slugs (D:2)
  A ball python (D:2)
  4 bats
  A giant cockroach (D:2)
  2 goblins
  A hobgoblin (D:2)
  5 jackals (D:2)
  3 frilled lizards
  5 kobolds
  13 rats
42 creatures vanquished.

Notes
Turn   | Place    | Note
-------+----------+-------------------------------------------
     0 | D:1      | Elitist the Merfolk Gladiator began the quest for the Orb.
     0 | D:1      | Reached XP level 1. HP: 16/16 MP: 1/1
   178 | D:1      | Reached XP level 2. HP: 23/23 MP: 2/2
   874 | D:2      | Reached XP level 3. HP: 22/29 MP: 3/3
  1008 | D:2      | Reached skill level 4 in Long Blades
  1130 | D:2      | Noticed Jessica
  1147 | D:2      | Killed Jessica
  1147 | D:2      | Reached XP level 4. HP: 35/37 MP: 4/4
  1171 | D:2      | Found a snail-covered altar of Cheibriados.
  1316 | D:2      | Reached skill level 5 in Long Blades
  1316 | D:2      | Reached XP level 5. HP: 7/42 MP: 5/5
  1319 | D:2      | HP: 2/42 [poisoned by a scorpion]
  1321 | D:2      | Succumbed to a scorpion's poison

Levels and vault maps discovered:
D:1:      onia_arrival_handbag, layout_loops_cross,
          chequers_serial_rivers_room_a
D:2:      layout_basic, kennysheep_slug_shrine, serial_glass, glass_columns_a,
          glass_columns_c, uniq_terence, uniq_jessica

Skill      XL: |  1  2  3  4 |
---------------+-------------+-----
Fighting       | 3 4 |  4.2
Long Blades    | 4 5 |  5.0
Throwing       | |  2.0
Dodging        | |  4.1

Action                   |  1- 3 |  4- 6 || total
-------------------------+-------+-------++-------
Melee: Long sword        |    66 |    34 ||   100
       Tailslap          |     3 |     1 ||     4
Throw: Throwing net      |     3 |     2 ||     5
       Stone             |     1 |       ||     1
  Use: Potion            |       |     3 ||     3
 Stab: Sleeping          |     2 |       ||     2
       Held in net/web   |       |     1 ||     1
  Eat: Chunk             |     1 |       ||     1
Armor: Leather armour    |     7 |       ||     7
       Ring mail         |    11 |     8 ||    19
Dodge: Dodged            |    52 |    16 ||    68
       Rpst.: Long sword |    15 |     4 ||    19

Table legend:
 A = Non-vault XP
 B = Vault XP
 C = Vault XP percentage of total XP
 D = Non-vault monster count
 E = Vault monster count
 F = Vault count percentage of total count
                 A         B        C        D         E       F
            +---------+---------+-------+---------+---------+-------
      Total |     153 |      45 |  22.7 |      36 |       6 |  14.3
            +---------+---------+-------+---------+---------+-------
        D:1 |      13 |       4 |  23.5 |      10 |       4 |  28.6
        D:2 |     140 |      41 |  22.7 |      26 |       2 |   7.1
            +---------+---------+-------+---------+---------+-------
